AoeStats
← zlt1900

Arabia

509344478Analyzed
1v1 RM · 5d ago on Sep 26, 2026· 83m 48s· 2 players
Game mode
Random Map
Map size
Tiny (2 player)
Population
200
Speed
Normal
Resources
Standard
Victory
Conquest
Starting age
Dark Age
Ending age
Imperial Age
RankedLock teamsTeams togetherTeam positionsShared explorationLock speedFull tech treeHidden civsTurbo modeCheats
Victory
Defeat
🇺🇦 Vietnamese · Ukraine
419
+19
🇨🇳 Teutons · China
480
-19
cense
11:12 Feudal Age
16:18 Double-Bit Axe
17:16 Fletching
18:23 Padded Archer Armor
24:29 Wheelbarrow
25:00 Forging
24:55 Scale Mail Armor
25:03 Horse Collar
26:24 Gold Mining
29:38 Castle Age
27:30 Loom
30:51 Heavy Plow
33:40 Pikeman
39:24 Hand Cart
42:18 Iron Casting
42:00 Leather Archer Armor
41:41 Bodkin Arrow
41:54 Scale Barding Armor
42:04 Chain Mail Armor
46:51 Imperial Age
45:06 Husbandry
45:17 Bloodlines
52:27 Chemistry
51:40 Siege Engineers
51:38 Halberdier
51:47 Cavalier
54:55 Elite Skirmisher
55:45 Squires
55:50 Bracer
56:21 Ring Archer Armor
56:23 Plate Mail Armor
56:14 Chain Barding Armor
zlt1900
12:29 Feudal Age
12:54 Horse Collar
14:20 Double-Bit Axe
23:01 Castle Age
21:58 Bloodlines
25:11 Bow Saw
25:09 Heavy Plow
25:19 Scale Mail Armor
25:27 Scale Barding Armor
25:33 Forging
33:04 Fervor
35:20 Gold Mining
36:24 Iron Casting
36:10 Chain Barding Armor
40:16 Imperial Age
37:41 Stone Mining
39:11 Ballistics
39:18 Ballistics
39:56 Padded Archer Armor
39:47 Fletching
42:14 Stone Shaft Mining
42:35 Crop Rotation
43:08 Two-Man Saw
43:24 Wheelbarrow
42:35 Town Watch
44:13 Conscription
44:24 Ironclad
45:37 Elite Skirmisher
47:03 Leather Archer Armor
46:43 Bodkin Arrow
47:24 Plate Barding Armor
47:50 Blast Furnace
46:16 Cavalier
47:59 Town Patrol
48:14 Hand Cart
53:57 Scale Mail Armor
54:35 Ring Archer Armor
55:54 Chemistry
55:00 Siege Engineers
66:53 Paladin
68:08 Squires
73:47 Pikeman
80:01 Crenellations
Connection lost

Rejoining the realm…

Still unreachable

The connection could not be restored.

Session expired

The server has moved on; the page needs a fresh start.